 Dungeon Crawl Stone Soup version 0.31-a0-1616-gbeaec30b81 (console) character file.

Game seed: 7774667959194324877

16972 Ignak the Thaumaturge (level 12, -10/91 HPs)
             Began as a Gnoll Air Elementalist on Jan 10, 2024.
             Was a Priest of Sif Muna.
             Killed from afar by Azrael (39 damage)
             ... with damnation
             ... on level 12 of the Dungeon.
             The game lasted 00:49:36 (16071 turns).

Ignak the Thaumaturge (Gnoll Air Elementalist)     Turns: 16071, Time: 00:49:36

Health: -10/91     AC:  8    Str: 11    XL:     12   Next: 43%
Magic:  22/25      EV: 20    Int: 19    God:    Sif Muna [***...]
Gold:   1087       SH:  6    Dex: 13    Spells: 7/29 levels left

rFire   + . .        b - +2 spear (freeze)
rCold   . . .        N - +0 buckler
rNeg    + + +        h - +1 robe of Qiwautul {rPois rF+ rN+++ Str+3}
rPois   +            (helmet restricted)
rElec   .            m - +0 cloak
rCorr   .            s - +2 pair of gloves
SInv    .            (no boots)
Will    .....        C - amulet of magic regeneration
Stlth   ++++         o - +5 ring of evasion
HPRegen 0.35/turn    y - ring of wizardry
MPRegen 0.59/turn

%: wizardry (x1)
@: no status effects
A: fangs 1, strong nose, distributed training, antennae 1, hooves 1
a: Renounce Religion, Channel Magic, Forget Spell


You were on level 12 of the Dungeon.
You worshipped Sif Muna.
Sif Muna was most pleased with you.
You visited 2 branches of the dungeon, and saw 14 of its levels.
You also visited: Bailey.

You collected 1087 gold pieces.

Inventory:

Hand Weapons
 a - a +2 whip of pain
 b - a +2 spear of freezing (weapon)
 G - a +0 broad axe
 Q - a +1 dagger of venom
Missiles
 p - a throwing net
 w - 11 poisoned darts (quivered)
Armour
 c - a scarf of invisibility
 h - the +1 robe of Qiwautul (worn) {rPois rF+ rN+++ Str+3}
   (You found it on level 5 of the Dungeon)

   Str+3:     It affects your strength (+3).
   rF+:       It protects you from fire.
   rPois:     It protects you from poison rN+++: It renders you almost immune to
   negative energy.
 m - a +0 cloak (worn)
 q - a +0 helmet
 s - a +2 pair of gloves (worn)
 N - a +0 buckler (worn)
 U - a +0 troll leather armour
Jewellery
 i - a ring of protection from cold
 o - a +5 ring of evasion (left hand)
 v - a ring of see invisible
 y - a ring of wizardry (right hand)
 C - an amulet of magic regeneration (around neck)
 F - a ring of flight
 S - a ring of willpower
Wands
 u - a wand of digging (5)
 D - a wand of charming (13)
 E - a wand of mindburst (9)
 J - a wand of roots (14)
 P - a wand of flame (19)
Scrolls
 d - 5 scrolls of amnesia
 e - a scroll of immolation
 g - 2 scrolls of vulnerability
 j - 2 scrolls of poison
 k - 4 scrolls of blinking
 l - 2 scrolls of torment
 n - 2 scrolls of fog {unknown}
 r - a scroll of silence
 t - a scroll of noise
 z - 5 scrolls of teleportation {unknown}
 A - a scroll of revelation
 H - 2 scrolls of summoning {unknown}
 K - a scroll of enchant weapon
 L - a scroll of brand weapon
 M - a scroll of acquirement {unknown}
Potions
 f - a potion of resistance {unknown}
 x - 2 potions of curing
 B - 3 potions of haste
 I - 3 potions of heal wounds
 O - a potion of enlightenment
 R - 3 potions of magic
Miscellaneous
 T - a phantom mirror (inert)


   Skills:
 + Level 7.5 Fighting
 + Level 7.5 Short Blades
 + Level 7.5 Long Blades
 + Level 7.5 Axes
 + Level 7.5 Maces & Flails
 + Level 7.5 Polearms
 + Level 7.5 Staves
 + Level 7.5 Ranged Weapons
 + Level 7.5 Throwing
 + Level 7.5 Armour
 + Level 8.9 Dodging
 + Level 8.7 Stealth
 + Level 7.5 Shields
 + Level 7.5 Unarmed Combat
 + Level 9.1 Spellcasting
 + Level 6.7 Conjurations
 + Level 6.2 Hexes
 + Level 6.2 Summonings
 + Level 6.2 Necromancy
 + Level 6.2 Translocations
 + Level 6.2 Fire Magic
 + Level 6.2 Ice Magic
 + Level 8.4 Air Magic
 + Level 6.2 Earth Magic
 + Level 6.2 Alchemy
 + Level 8.3 Invocations
 + Level 7.5 Evocations
 + Level 6.9 Shapeshifting


You had 7 spell levels left.
You knew the following spells:

 Your Spells              Type           Power      Damage    Failure   Level
a - Shock                 Conj/Air       100%       1d9       1%          1
b - Swiftness             Air            40%        N/A       1%          3
c - Static Discharge      Conj/Air       74%        3-7/arc   1%          2
d - Airstrike             Air            20%        2d(3-19)  1%          4
e - Call Imp              Summ           64%        N/A       1%          2
f - Plasma Beam           Fire/Air       18%        2x1d29    32%         6
q - Anguish               Hex/Necr       16%        N/A       3%          4

Your spell library contained the following spells:

 Spells                   Type           Power      Damage    Failure   Level
 Foxfire                  Conj/Fire      100%       2x1d9     1%          1
 Sublimation of Blood     Necr           32%        N/A       1%          2
 Animate Dead             Necr           32%        N/A       3%          4
 Cause Fear               Hex            16%        N/A       3%          4
 Starburst                Conj/Fire      16%        6d6       41%         6
 Enfeeble                 Hex            16%        N/A       92%         7
 Haunt                    Necr/Summ      16%        N/A       92%         7
 Summon Hydra             Summ           16%        N/A       92%         7
 Infestation              Necr           16%        N/A       100%        8


Dungeon Overview and Level Annotations

Branches:
Dungeon (13/15)            Temple (1/1) D:6            Lair (0/5) D:8
 Bailey (visited)
    Orc: D:9-12      Vaults: D:13-14

Altars:
Ashenzari
Cheibriados
Dithmenos
Elyvilon
Fedhas
Gozag
Hepliaklqana
Kikubaaqudgha
Makhleb
Nemelex Xobeh
Okawaru
Qazlal
Ru
Sif Muna
Trog
Uskayaw
Vehumet
Wu Jian
Xom
Yredelemnul
Zin
The Shining One

Shops:
D:6 ((   D:9 *

Annotations:
D:12 Azrael


Innate Abilities, Weirdness & Mutations

You have very sharp teeth.
Your uncanny sense of smell can sniff out nearby items.
Your experience applies equally to all skills.
You have a pair of small antennae on your head.
You have large cloven feet.


Message History

Here: Azrael, wielding a +1 scimitar of flaming (lightly wounded, anguished)
The floor.
You hit Azrael. You freeze Azrael.
Azrael is lightly wounded.
You block Azrael's attack.
You completely miss Azrael. Your kick misses Azrael. You bite Azrael.
Azrael is moderately wounded.
Azrael hits you with a +1 scimitar of flaming!
Azrael burns you.
Azrael is wracked by anguish!
You hit Azrael but do no damage. You kick Azrael.
You bite Azrael, but do no damage.
Azrael is heavily wounded.
You hit Azrael but do no damage. You bite Azrael, but do no damage.
Azrael is heavily wounded.
Azrael hits you with a +1 scimitar of flaming.
Azrael is wracked by anguish.
You barely miss Azrael. You kick Azrael, but do no damage.
Azrael is heavily wounded.
Azrael closely misses you.
You barely miss Azrael.
Azrael is heavily wounded.
Azrael laughs insanely.
Azrael gestures at you. The bolt of fire hits you! You resist.
Azrael is wracked by anguish!
You puncture Azrael! You freeze Azrael. You kick Azrael, but do no damage.
Azrael is severely wounded.
Azrael gestures at you. The bolt of fire hits you! You resist.
Azrael is wracked by anguish!
You hit Azrael but do no damage. You kick Azrael, but do no damage.
You bite Azrael, but do no damage.
Azrael is almost dead.
You barely miss Azrael. You kick Azrael, but do no damage.
Azrael is almost dead.
Azrael hits you with a +1 scimitar of flaming.
Azrael is wracked by anguish.
You hit Azrael. You freeze Azrael.
Azrael is almost dead.
Azrael gestures at you.
The sphere of damnation explodes!
The damnation engulfs you!!!
You die...

#....... #... ##....... ∆
#... .#....°.°... #...
'...☼E.○... +... #..☼☼.○...
#### ##########'##○°°...
+###...........#○°...
.......(....R..#.E○.#
............@..#....#
...............#....####.#
...............#..°......#
####.......##..#.....{...###
#.......##..###'#######..
#..................>..#..
#.....................#.#
#.....................#.#
#.....................#.##


You could see Azrael (anguished).

Vanquished Creatures
  A cyclops (D:8)
  A gargoyle (D:8)
  3 trolls
  Prince Ribbit (Bailey)
  2 hornets
  A slime creature (D:8)
  5 fire elementals
  2 humans (Bailey)
  10 yaks
  2 vampire mosquitoes (D:10)
  A water moccasin (D:7)
  4 orc warriors
  2 black bears
  3 ice beasts
  6 ogres
  2 wolves (D:8)
  5 centaurs
  2 phantoms
  A kobold brigand (D:9)
  14 bullfrogs
  A gnoll sergeant (D:8)
  2 scorpions (D:4)
  8 wights
  15 killer bees
  2 bombardier beetles
  3 jellies
  3 hounds
  13 orc priests
  3 sleepcaps
  2 gnoll boudas
  5 iguanas
  17 orc wizards
  23 gnolls
  11 adders
  A shadow imp (D:7)
  2 white imps (D:8)
  6 ufetubi (D:5)
  3 dart slugs
  3 ribbon worms
  53 orcs
  8 ball pythons
  7 bats
  8 endoplasms
  2 giant cockroaches (D:1)
  10 goblins
  3 hobgoblins
  7 jackals
  9 kobolds
  2 quokkas (D:5)
  A frilled lizard (D:1)
  3 rats
304 creatures vanquished.

Vanquished Creatures (collateral kills)
  A two-headed ogre (D:11)
  3 yaks (D:9)
4 creatures vanquished.

Vanquished Creatures (others)
  2 vault guards (Bailey)
  Lodul (D:11)
  An ugly thing (D:12)
  A cyclops (D:11)
  A komodo dragon (D:11)
  2 trolls
  A human (Bailey)
  A shadow (D:12)
  6 yaks
  An acid dragon (D:8)
  A hell hound (D:12)
  An orc warrior (D:9)
  A centaur (D:9)
  A gnoll sergeant (D:9)
  3 orc priests
  2 orc wizards
  A gnoll (D:9)
  An orc (D:6)
  A kobold (D:9)
29 creatures vanquished.

Grand Total: 337 creatures vanquished

Notes
Turn   | Place    | Note
-------+----------+-------------------------------------------
     0 | D:1      | Ignak the Gnoll Air Elementalist began the quest for the
                  | Orb.
     0 | D:1      | Reached XP level 1. HP: 13/13 MP: 6/6
    85 | D:1      | Reached XP level 2. HP: 19/19 MP: 4/7
   104 | D:1      | Learned a level 2 spell: Static Discharge
   592 | D:1      | Reached skill level 5 in Spellcasting
   592 | D:1      | Reached XP level 3. HP: 25/25 MP: 7/9
   831 | D:2      | Learned a level 3 spell: Swiftness
   931 | D:2      | Reached skill level 1 in Invocations
  1258 | D:2      | Reached skill level 1 in Fighting
  1258 | D:2      | Reached skill level 1 in Short Blades
  1258 | D:2      | Reached skill level 1 in Long Blades
  1258 | D:2      | Reached skill level 1 in Axes
  1258 | D:2      | Reached skill level 1 in Maces & Flails
  1258 | D:2      | Reached skill level 1 in Polearms
  1258 | D:2      | Reached skill level 1 in Staves
  1258 | D:2      | Reached skill level 1 in Ranged Weapons
  1258 | D:2      | Reached skill level 1 in Throwing
  1258 | D:2      | Reached skill level 1 in Armour
  1258 | D:2      | Reached skill level 1 in Shields
  1258 | D:2      | Reached skill level 1 in Unarmed Combat
  1258 | D:2      | Reached skill level 1 in Evocations
  1352 | D:2      | Reached skill level 1 in Shapeshifting
  1352 | D:2      | Reached XP level 4. HP: 29/32 MP: 7/11
  1614 | D:2      | Reached skill level 1 in Hexes
  1614 | D:2      | Reached skill level 1 in Summonings
  1614 | D:2      | Reached skill level 1 in Necromancy
  1614 | D:2      | Reached skill level 1 in Translocations
  1614 | D:2      | Reached skill level 1 in Fire Magic
  1614 | D:2      | Reached skill level 1 in Ice Magic
  1614 | D:2      | Reached skill level 1 in Earth Magic
  1614 | D:2      | Reached skill level 1 in Alchemy
  1618 | D:2      | Reached XP level 5. HP: 37/37 MP: 5/12
  2221 | D:3      | Found a sacrificial altar of Ru.
  2747 | D:4      | Reached XP level 6. HP: 21/44 MP: 11/14
  2852 | D:4      | Reached skill level 5 in Dodging
  2926 | D:4      | You fall into a shaft and drop 2 floors!
  3028 | D:6      | Noticed an ice beast
  3133 | D:6      | Reached XP level 7. HP: 51/51 MP: 10/15
  3160 | D:6      | Found a staircase to the Ecumenical Temple.
  3173 | D:6      | Found Rothech's Weapon Boutique.
  3194 | Temple   | Entered the Ecumenical Temple
  3401 | D:6      | Reached skill level 5 in Stealth
  3458 | D:5      | Entered Level 5 of the Dungeon
  3712 | D:4      | Learned a level 4 spell: Airstrike
  4073 | D:4      | Reached XP level 8. HP: 50/58 MP: 7/16
  4374 | D:5      | Reached skill level 6 in Spellcasting
  4838 | D:5      | Identified the +1 robe of Qiwautul {rPois rF+ rN+++ Str+3}
  5853 | D:6      | Found Doat's Weapon Shop.
  5958 | D:6      | Found Eskuj's General Store.
  6083 | D:6      | Reached XP level 9. HP: 43/65 MP: 10/18
  6196 | D:6      | Learned a level 4 spell: Anguish
  6855 | D:7      | Found a shimmering blue altar of Sif Muna.
  6880 | D:7      | Became a worshipper of Sif Muna the Loreminder
  7008 | D:7      | Reached skill level 5 in Invocations
  7356 | D:8      | Noticed a hornet
  7366 | D:7      | Killed a hornet
  7367 | D:7      | Reached skill level 7 in Spellcasting
  7683 | D:8      | Found a flagged portal.
  7716 | Bailey   | Entered a bailey
  7733 | Bailey   | Reached skill level 5 in Fighting
  7733 | Bailey   | Reached skill level 5 in Short Blades
  7733 | Bailey   | Reached skill level 5 in Long Blades
  7733 | Bailey   | Reached skill level 5 in Axes
  7733 | Bailey   | Reached skill level 5 in Maces & Flails
  7733 | Bailey   | Reached skill level 5 in Polearms
  7733 | Bailey   | Reached skill level 5 in Staves
  7733 | Bailey   | Reached skill level 5 in Ranged Weapons
  7733 | Bailey   | Reached skill level 5 in Throwing
  7733 | Bailey   | Reached skill level 5 in Armour
  7733 | Bailey   | Reached skill level 5 in Shields
  7733 | Bailey   | Reached skill level 5 in Unarmed Combat
  7733 | Bailey   | Reached skill level 5 in Evocations
  7733 | Bailey   | Reached XP level 10. HP: 69/74 MP: 16/20
  7786 | Bailey   | Reached * piety under Sif Muna
  8022 | Bailey   | Noticed Prince Ribbit
  8035 | Bailey   | Killed Prince Ribbit
  8198 | Bailey   | Reached skill level 5 in Conjurations
  8238 | Bailey   | Noticed a vault guard
  8254 | Bailey   | Killed a vault guard
  8255 | Bailey   | Reached skill level 5 in Shapeshifting
  8339 | Bailey   | Noticed a vault guard
  8580 | Bailey   | Killed a vault guard
  8850 | D:8      | Found a burning altar of Makhleb.
  8854 | D:8      | Found a bloodstained altar of Trog.
  8860 | D:8      | Found a glowing silver altar of Zin.
  8862 | D:8      | Found a white marble altar of Elyvilon.
  8863 | D:8      | Found a sparkling altar of Nemelex Xobeh.
  8925 | D:8      | Found a staircase to the Lair.
  9307 | D:8      | Reached ** piety under Sif Muna
  9311 | D:8      | Noticed a gargoyle
  9320 | D:8      | Reached skill level 5 in Hexes
  9320 | D:8      | Reached skill level 5 in Summonings
  9320 | D:8      | Reached skill level 5 in Necromancy
  9320 | D:8      | Reached skill level 5 in Translocations
  9320 | D:8      | Reached skill level 5 in Fire Magic
  9320 | D:8      | Reached skill level 5 in Ice Magic
  9320 | D:8      | Reached skill level 5 in Earth Magic
  9320 | D:8      | Reached skill level 5 in Alchemy
  9320 | D:8      | Reached XP level 11. HP: 58/81 MP: 6/22
  9570 | D:8      | Reached skill level 8 in Spellcasting
  9646 | D:8      | Noticed a cyclops
  9701 | D:8      | Killed a cyclops
  9853 | D:8      | Learned a level 2 spell: Call Imp
  9860 | D:8      | Learned a level 6 spell: Plasma Beam
 10690 | D:9      | Found a shimmering altar of Xom.
 11517 | D:9      | Found Ephynn's Elemental Accessories.
 11678 | D:10     | Entered Level 10 of the Dungeon
 12231 | D:10     | Reached *** piety under Sif Muna
 12281 | D:10     | Found a stormy altar of Qazlal.
 12779 | D:10     | Gained mutation: You have large cloven feet. [potion of
                  | mutation]
 12779 | D:10     | Gained mutation: You have a pair of small antennae on your
                  | head. [potion of mutation]
 12930 | D:11     | Noticed a two-headed ogre
 12938 | D:11     | Killed a two-headed ogre
 13183 | D:11     | Noticed a cyclops
 13188 | D:11     | Killed a cyclops
 13189 | D:11     | Reached XP level 12. HP: 35/91 MP: 18/24
 14070 | D:12     | Noticed Lodul
 14645 | D:11     | Killed Lodul
 14646 | D:11     | Reached skill level 9 in Spellcasting
 15403 | D:12     | Noticed Azrael
 16071 | D:12     | Killed from afar by Azrael

Illustrated notes

Levels and vault maps discovered:
D:1:      wheals_arrival_shading, layout_basic, serial_forest,
          infiniplex_forest_end_1, infiniplex_forest_lined_room_2,
          infiniplex_forest_diagonal, infiniplex_forest_zigzag_2,
          infiniplex_forest_lined_ring, infiniplex_forest_clump_small,
          infiniplex_forest_lined_2, infiniplex_forest_straight_5
D:2:      layout_loops_ring, nicolae_figureground_sparkle
D:3:      layout_basic, hangedman_ru_absence
D:4:      layout_rooms, minmay_crossroads
D:5:      layout_rooms, serial_co_window_serial, co_window_paths_a,
          co_window_paths_a, co_window_paths_a, co_window_paths_a,
          co_window_paths_a, co_window_of_opportunity_a, co_window_broadway_a,
          co_window_corner_ca, co_window_corner_b, co_window_unsneaky_path_b,
          co_window_2corner, co_window_unsneaky_path_b, co_window_sun,
          glass_columns_a, glass_columns_a, glass_columns_a, minmay_holes,
          minmay_misc_feat_more_columns
D:6:      layout_loops_ring, minmay_temple_entry_waves, serial_shops, shop,
          nicolae_shop_trees, shop, dreamdust_gnoll_farm
D:7:      layout_basic, general_overflow_altar
D:8:      layout_rooms, grunt_temple_overflow_open, erik_lair_orcish_takeover,
          enter_bailey_8, minmay_pinched_square
D:9:      hellmonk_ruined_rings, layout_loops_corners,
          mainiacjoe_overflow_alcove_1, serial_glass, glass_columns_a,
          glass_columns_b, glass_columns_a, glass_columns_c,
          due_unseen_surprise, feat_on_display, nicolae_elemental_shop
D:10:     layout_loops_ring, nicolae_qazlal_scattered_showers
D:11:     layout_long_grid, kennysheep_boxes
D:12:     layout_stronghold, david_orc_5, uniq_azrael, uniq_lodul
D:13:     layout_gridville, david_vaults_1, minivault_1, minivault_25_ag
Temple:   nicolae_temple_figure_eight

Skill      XL: |  1  2  3  4  5  6  7  8  9 10 11 12 |
---------------+-------------------------------------+-----
Conjurations   | 2 3 4 5 6 |  6.7
Spellcasting   | 5 6 7 8 9 |  9.1
Invocations    | 1 2 3 4 5 6 7 8 |  8.3
Fighting       | 1 2 3 5 6 7 |  7.5
Short Blades   | 1 2 3 5 6 7 |  7.5
Long Blades    | 1 2 3 5 6 7 |  7.5
Axes           | 1 2 3 5 6 7 |  7.5
Maces & Flails | 1 2 3 5 6 7 |  7.5
Polearms       | 1 2 3 5 6 7 |  7.5
Staves         | 1 2 3 5 6 7 |  7.5
Ranged Weapons | 1 2 3 5 6 7 |  7.5
Throwing       | 1 2 3 5 6 7 |  7.5
Armour         | 1 2 3 5 6 7 |  7.5
Shields        | 1 2 3 5 6 7 |  7.5
Unarmed Combat | 1 2 3 5 6 7 |  7.5
Evocations     | 1 2 3 5 6 7 |  7.5
Shapeshifting  | 1 2 3 4 5 6 |  6.9
Hexes          | 1 2 3 4 5 6 |  6.2
Summonings     | 1 2 3 4 5 6 |  6.2
Necromancy     | 1 2 3 4 5 6 |  6.2
Translocations | 1 2 3 4 5 6 |  6.2
Fire Magic     | 1 2 3 4 5 6 |  6.2
Ice Magic      | 1 2 3 4 5 6 |  6.2
Earth Magic    | 1 2 3 4 5 6 |  6.2
Alchemy        | 1 2 3 4 5 6 |  6.2
Dodging        | 5 6 7 8 |  8.9
Stealth        | 5 6 7 8 |  8.7
Air Magic      | 6 7 8 |  8.4

Action                     |  1- 3 |  4- 6 |  7- 9 | 10-12 || total
---------------------------+-------+-------+-------+-------++-------
  Melee: Dagger            |     8 |       |    33 |    16 ||    57
         Bite              |     4 |     8 |    22 |    74 ||   108
         Unarmed           |     3 |       |       |       ||     3
         Spear             |    17 |     2 |       |    31 ||    50
         Punch             |     2 |       |     1 |     5 ||     8
         Falchion          |       |    40 |       |       ||    40
         Rapier            |       |       |   175 |   213 ||   388
         Hand axe          |       |       |       |     7 ||     7
         Whip              |       |       |       |   220 ||   220
         Kick              |       |       |       |    58 ||    58
  Throw: Dart              |       |       |     3 |     4 ||     7
   Cast: Shock             |    38 |    57 |    43 |    23 ||   161
         Static Discharge  |     9 |    22 |    95 |    99 ||   225
         Anguish           |       |       |     3 |    65 ||    68
         Swiftness         |       |       |     1 |     3 ||     4
         Call Imp          |       |       |       |     4 ||     4
         Plasma Beam       |       |       |       |     3 ||     3
         Airstrike         |       |       |       |    13 ||    13
  Evoke: Wand              |       |       |     1 |     8 ||     9
         Phantom mirror    |       |       |       |     1 ||     1
    Use: Scroll            |       |     4 |     9 |     5 ||    18
         Potion            |       |     3 |     3 |     6 ||    12
   Stab: Sleeping          |     2 |     2 |    10 |    10 ||    24
         Distracted        |       |       |     1 |     1 ||     2
 Armour: Robe              |    35 |    27 |   174 |   421 ||   657
         Leather armour    |       |    41 |    64 |       ||   105
  Dodge: Dodged            |    18 |    78 |   328 |   536 ||   960
  Block: Buckler           |       |       |       |   112 ||   112

Table legend: (Time is in decaauts)
 A = Elapsed time spent in this place.
 B = Non-inter-level travel time spent in this place.
 C = Inter-level travel time spent in this place.
 D = Time resting spent in this place.
 E = Time spent auto-exploring this place.
 F = Levels seen in this place.
 G = Mean time per level.
                   A        B        C        D        E       F      G
               +--------+--------+--------+--------+--------+-----+--------+
         Total |  15988 |  15703 |    285 |   4707 |   6332 |  15 | 1065.9 |
       Dungeon |  14775 |  14502 |    273 |   4004 |   6332 |  13 | 1136.5 |
        Temple |    112 |    100 |     12 |      0 |      0 |   1 |  112.0 |
        Bailey |   1100 |   1100 |      0 |    703 |      0 |   1 | 1100.0 |
               +--------+--------+--------+--------+--------+-----+--------+

Top non-repeatable levels by time:
    D:11: 2194 daAuts
     D:6: 1535 daAuts
     D:9: 1470 daAuts
     D:7: 1355 daAuts
    D:10: 1329 daAuts
     D:5: 1306 daAuts
  Bailey: 1100 daAuts
     D:2: 1091 daAuts
     D:8: 1035 daAuts
     D:4: 918 daAuts
     D:3: 892 daAuts
     D:1: 824 daAuts
    D:12: 818 daAuts
  Temple: 112 daAuts
    D:13: 1 daAuts
